Map: Романтицид РВ

Players

ИИ 1 (знаток)

  • Race: Protoss Protoss
  • Spawn Location: 5:00

Doll - Winner!

  • Race: Zerg Zerg
  • Spawn Location: 11:00

VOD

Have the link to the VOD?

Description

Time

  • Played on: March 7, 2021, 3:22 p.m.
  • Length: 12:32
Show
View Real Time Build Order
Export as new Build Order

ИИ 1 (знаток) Protoss 

Build Orders: 1 Gate Expand 

Get SALT Encoding   

  12  0:00  Probe  
  13  0:13  Probe  
  14  0:20  Pylon  
  14  0:25  Probe  
  15  0:34  Probe  
  15  0:42  Probe  
  17  0:51  Gateway  
  17  1:08  Probe  
  17  1:11  Nexus  
  18  1:27  Pylon  
  18  1:29  Assimilator  
  18  1:39  Zealot  
  20  1:42  Probe  
  20  1:43  Cybernetics Core  
  21  1:55  Probe  
  22  2:04  Probe, Gateway  
  23  2:12  Assimilator  
  23  2:17  Probe  
  23  2:20  Stalker  
  23  2:21  Pylon  
  26  2:25  Probe  
  26  2:28  Warp Gate  
  27  2:34  Probe  
  28  2:46  Probe  
  28  2:50  Stalker  
  31  2:57  Adept  
  31  3:09  Assimilator  
  31  3:10  Probe  
  32  3:13  Probe  
  33  3:20  Adept  
  33  3:22  Probe  
  33  3:25  Probe  
  37  3:27  Zealot  
  37  3:32  Gateway  
  39  3:34  Probe  
  40  3:49  Zealot  
  42  3:57  Adept  
  42  3:58  Pylon  
  44  4:12  Robotics Facility  
  44  4:21  Sentry  
  44  4:22  Probe  
  47  4:24  Probe  
  48  4:34  Probe, Adept  
  48  4:35  Forge  
  51  4:43  Probe  
  52  4:50  Probe  
  53  4:53  Pylon  
  53  4:55  Probe  
  54  5:01  Immortal  
  54  5:02  Probe  
  59  5:07  Probe  
  59  5:08  Protoss Ground Weapons Level 1  
  60  5:14  Probe, Zealot  
  60  5:19  Probe  
  60  5:20  Pylon  
  64  5:27  Probe, Zealot  
  67  5:31  Probe  
  68  5:39  Probe  
  68  5:40  Pylon, Adept  
  71  5:43  Probe  
  72  5:51  Probe  
  72  5:52  Adept  
  75  5:58  Probe  
  75  6:03  Pylon  
  76  6:05  Adept  
  78  6:18  Adept  
  78  6:21  Probe x2  
  78  6:23  Pylon  
  82  6:30  Probe  
  82  6:31  Adept  
  84  6:33  Photon Cannon  
  84  6:37  Photon Cannon  
  85  6:40  Pylon  
  85  6:41  Observer  
  85  6:43  Pylon  
  85  6:44  Sentry  
  88  6:49  Stargate  
  88  6:53  Twilight Council  
  88  6:57  Forge, Stalker  
  90  7:03  Photon Cannon, Observer  
  90  7:06  Photon Cannon, Protoss Ground Armor Level 1  
  91  7:10  Stalker  
  93  7:22  Stalker  
  93  7:23  Assimilator  
  95  7:36  Immortal  
  93  7:48  Stalker  
  66  8:01  Sentry  
  66  8:02  Void Ray  
  52  8:15  Probe, Observer  
  52  8:17  Probe  
  53  8:20  Zealot  
  51  8:28  Probe  
  51  8:33  Stalker  
  46  8:40  Probe  
  42  8:46  Adept  
  40  8:52  Probe  
  40  8:54  Nexus  
  35  8:59  Stalker  
  37  9:04  Probe  
  37  9:08  Void Ray  
  34  9:12  Sentry  
  34  9:16  Stalker  
  40  9:22  Nexus, Stalker  
  35  9:35  Adept  
  37  9:43  Adept  
  37  9:51  Nexus  
  33  10:02  Probe  
  25  10:32  Zealot  
  10  11:06  Probe  
Show
View Real Time Build Order
Export as new Build Order

Doll Zerg - Winner!

Build Orders: Hatch First 

Get SALT Encoding   

  12  0:00  Drone  
  13  0:13  Overlord  
  13  0:17  Drone  
  14  0:31  Drone  
  14  0:33  Drone  
  16  0:37  Drone  
  17  0:55  Hatchery  
  16  0:58  Drone  
  16  1:00  Drone  
  18  1:06  Extractor  
  17  1:17  Spawning Pool  
  16  1:19  Drone  
  16  1:22  Drone  
  18  1:29  Overlord  
  18  1:40  Drone  
  19  1:53  Drone  
  20  2:03  Zergling x2  
  20  2:04  Queen  
  20  2:07  Queen  
  26  2:08  Zergling x2  
  26  2:14  Drone, Extractor  
  26  2:19  Drone  
  27  2:23  Drone  
  28  2:31  Drone  
  28  2:34  Drone  
  30  2:47  Drone  
  30  2:49  Hatchery  
  30  2:50  Drone  
  31  2:53  Drone  
  31  2:56  Drone  
  32  3:02  Drone  
  32  3:07  Lair  
  32  3:09  Zergling x2  
  34  3:12  Zergling x2  
  34  3:15  Zergling x2  
  34  3:19  Zergling x2  
  36  3:22  Overlord  
  36  3:33  Roach Warren  
  35  3:35  Overlord  
  35  3:41  Drone  
  35  3:42  Drone x2  
  35  3:45  Drone  
  35  3:47  Drone  
  40  3:52  Zergling x2  
  40  3:53  Zergling x2  
  40  3:55  Zergling x2  
  43  4:00  Metabolic Boost  
  44  4:02  Drone  
  44  4:05  Drone  
  44  4:06  Zergling x2  
  44  4:09  Zergling x2  
  47  4:12  Drone  
  47  4:14  Drone  
  47  4:16  Drone  
  50  4:19  Overlord  
  50  4:29  Drone  
  51  4:31  Drone, Spire  
  51  4:34  Zergling x2  
  51  4:35  Zergling x2  
  51  4:37  Zergling x2  
  54  4:39  Zergling x2  
  54  4:41  Zergling x2  
  54  4:44  Drone  
  54  4:45  Drone  
  58  4:46  Drone  
  58  4:47  Drone  
  58  4:51  Overlord  
  60  4:55  Zergling x2  
  60  4:56  Zergling x2  
  60  4:57  Zergling x2  
  60  4:59  Drone  
  64  5:06  Extractor  
  63  5:08  Extractor  
  63  5:09  Drone, Zergling x4  
  65  5:16  Infestation Pit  
  65  5:17  Overlord  
  65  5:18  Drone  
  65  5:19  Drone, Baneling Nest  
  65  5:20  Drone  
  66  5:22  Drone  
  66  5:25  Drone  
  66  5:26  Drone  
  69  5:31  Drone  
  69  5:32  Overlord  
  70  5:38  Drone  
  70  5:39  Drone  
  72  5:43  Mutalisk  
  72  5:44  Mutalisk  
  72  5:45  Mutalisk  
  72  5:48  Mutalisk  
  80  5:52  Overlord  
  80  5:58  Mutalisk x2  
  80  6:02  Mutalisk  
  86  6:06  Overlord  
  86  6:09  Overseer  
  86  6:11  Mutalisk  
  86  6:13  Mutalisk  
  90  6:21  Drone x2  
  90  6:22  Drone, Overlord  
  90  6:24  Mutalisk  
  95  6:29  Drone  
  95  6:30  Drone  
  95  6:32  Mutalisk  
  99  6:41  Mutalisk  
  99  6:42  Zergling x2  
  99  6:43  Zergling x8  
  99  6:45  Queen  
  108  6:48  Queen  
  108  6:52  Queen  
  112  6:54  Mutalisk  
  112  6:57  Overlord  
  114  7:02  Overlord  
  114  7:14  Overlord x3  
Tags
 
Add a new tag
Caveats
  • Supply blocks, unpowered buildings, or Contaminate may cause inaccurate times.
  • Supply counts are checked every 10 seconds.